AoeStats
← TireTinTin

Black Forest

510808855Analyzed
4v4 RM · 1d ago on Oct 2, 2026· 53m 31s· 8 players
Game mode
Random Map
Map size
Large (8 player)
Population
200
Speed
Normal
Resources
Standard
Victory
Conquest
Starting age
Dark Age
Ending age
Imperial Age
RankedLock teamsTeams togetherTeam positionsShared explorationLock speedFull tech treeHidden civsTurbo modeCheats
Victory
Defeat
🇨🇳 Saxons · China
946
+18
🇻🇳 Britons · Vietnam
909
+20
🇻🇳 Armenians · Vietnam
901
+20
🇪🇸 Franks · Spain
841
+23
🇹🇼 Franks · Taiwan
1014
-21
🇹🇼 Maya · Taiwan
1004
-21
🇹🇼 Magyars · Taiwan
991
-20
🇦🇷 Mongols · Argentina
965
-19
Holder
9:39 Feudal Age
10:16 Double-Bit Axe
9:57 Man-at-Arms
10:26 Arson
12:45 Horse Collar
16:43 Wheelbarrow
16:00 Long Swordsman
23:13 Castle Age
23:53 Two-Handed Swordsman
24:19 Gambesons
24:35 Squires
26:36 Scale Mail Armor
26:48 Forging
27:51 Chain Mail Armor
42:16 Hand Cart
41:49 Loom
44:38 Imperial Age
41:54 Loom
46:49 Champion
48:38 Plate Mail Armor
48:44 Iron Casting
48:35 Conscription
48:24 Fereters
Mescalito
0:29 Loom
12:16 Feudal Age
18:13 Castle Age
17:04 Wheelbarrow
16:19 Double-Bit Axe
16:34 Gold Mining
18:36 Stone Mining
24:26 Gold Shaft Mining
24:34 Town Watch
25:14 Hand Cart
26:51 Squires
29:40 Ballistics
29:31 Murder Holes
40:47 Treadmill Crane
42:04 Caravan
43:57 Bow Saw
50:03 Fortified Wall
50:04 Masonry
50:34 Husbandry
49:55 Light Cavalry
55:56 Imperial Age
明妃王樯
1:36 Loom
11:40 Feudal Age
12:13 Double-Bit Axe
14:35 Fishing Lines
17:05 Wheelbarrow
20:11 Castle Age
18:26 Gold Mining
21:51 Bow Saw
24:16 Forging
26:15 Hand Cart
27:32 Iron Casting
26:57 Scale Mail Armor
28:20 Squires
31:01 Horse Collar
31:47 Town Watch
33:06 Gold Shaft Mining
37:05 Imperial Age
34:52 Chain Mail Armor
36:04 Fletching
38:20 Plate Mail Armor
37:46 Bodkin Arrow
38:58 Two-Man Saw
37:59 Heavy Plow
38:40 Elite Varangian Guard
39:09 Arson
39:29 Town Patrol
39:26 Treadmill Crane
40:29 Fortified Wall
42:45 Chemistry
41:55 Siege Engineers
42:01 Masonry
41:55 Gambesons
42:32 Stone Mining
44:40 Conscription
43:41 Shield Wall
45:12 Ballistics
47:07 Crop Rotation
50:45 Devotion
51:50 Sanctity
53:57 Hoardings
Kennyciu
12:19 Feudal Age
17:49 Castle Age
20:09 Wheelbarrow
31:55 Imperial Age
29:14 Double-Bit Axe
29:22 Gold Mining
30:07 Horse Collar
30:41 Bow Saw
31:11 Gold Shaft Mining
30:29 Stone Mining
32:14 Heavy Plow
33:04 Conscription
33:40 Heated Shot
34:10 Ballistics
34:05 Fletching
34:15 Padded Archer Armor
35:49 Yeomen
36:38 Bodkin Arrow
36:58 Leather Archer Armor
37:09 Hand Cart
38:28 Chemistry
39:16 Elite Longbowman
Holiuken016
0:29 Loom
12:10 Feudal Age
16:36 Castle Age
15:18 Double-Bit Axe
15:17 Horse Collar
17:04 Forging
18:35 Eagle Warrior
25:13 Bow Saw
25:09 Heavy Plow
27:14 Fletching
28:34 Wheelbarrow
29:53 Bodkin Arrow
31:03 Padded Archer Armor
34:16 Imperial Age
31:33 Town Watch
35:53 Hand Cart
36:24 Thumb Ring
36:21 Gold Mining
38:01 Chemistry
37:42 Bracer
37:58 Leather Archer Armor
38:48 Crossbowman
40:38 Two-Man Saw
39:41 Town Patrol
39:52 Heavy Scorpion
41:33 Elite Eagle Warrior
42:52 Scale Mail Armor
43:28 Iron Casting
43:30 Crop Rotation
43:02 Squires
45:10 Elite Skirmisher
45:13 Arbalester
48:43 Holcans
cooldaban
0:26 Loom
12:25 Feudal Age
19:00 Double-Bit Axe
19:38 Man-at-Arms
21:57 Forging
34:43 Castle Age
40:41 Bow Saw
mcdrumer131
1:58 Loom
13:19 Feudal Age
17:56 Castle Age
16:21 Scale Barding Armor
16:05 Horse Collar
16:29 Double-Bit Axe
17:30 Gold Mining
17:49 Fletching
25:29 Bloodlines
27:34 Bow Saw
31:13 Imperial Age
29:53 Chain Barding Armor
30:48 Ballistics
30:50 Treadmill Crane
32:11 Wheelbarrow
31:41 Scale Mail Armor
32:02 Masonry
31:58 Corvinian Army
33:44 Two-Man Saw
36:07 Chemistry
36:52 Crossbowman
37:37 Thumb Ring
37:31 Arbalester
40:35 Elite Magyar Huszar
42:55 Conscription
TireTinTin
10:10 Feudal Age
10:49 Horse Collar
10:56 Double-Bit Axe
18:45 Castle Age
16:52 Stone Mining
17:04 Fletching
17:35 Gold Mining
19:54 Crossbowman
21:14 Thumb Ring
22:58 Heavy Plow
23:29 Bow Saw
24:47 Wheelbarrow
26:32 Bodkin Arrow
27:39 Hand Cart
35:23 Imperial Age
33:33 Gold Shaft Mining
33:35 Stone Shaft Mining
35:04 Ballistics
34:54 Husbandry
35:05 Bloodlines
35:12 Bloodlines
35:03 Husbandry
35:57 Murder Holes
35:32 Onager
37:18 Light Cavalry
38:59 Nomads
39:20 Conscription
39:20 Drill
42:16 Capped Ram
42:31 Capped Ram
42:42 Hussar
43:33 Siege Ram
44:54 Siege Ram
Connection lost

Rejoining the realm…

Still unreachable

The connection could not be restored.

Session expired

The server has moved on; the page needs a fresh start.